 Dungeon Crawl Stone Soup version 0.20.0-10-g0535bb4 (webtiles) character file.

207 Jannitor the Gusty (level 6, -1/32 HPs)
             Began as a Kobold Air Elementalist on June 6, 2017.
             Slain by a worker ant (3 damage)
             ... on level 3 of the Dungeon.
             The game lasted 00:08:36 (3639 turns).

Jannitor the Gusty (Kobold Air Elementalist)        Turns: 3639, Time: 00:08:37

Health: -1/32      AC:  2    Str:  5    XL:     6   Next: 10%
Magic:  1/9        EV: 14    Int: 18    God:
Gold:   68         SH:  0    Dex: 16    Spells: 5/9 levels left

rFire    . . .     SeeInvis .   m - -2 rapier
rCold    . . .     Gourm    .   (shield restricted)
rNeg     . . .     Faith    .   a - +0 robe
rPois    .         Spirit   .   (no helmet)
rElec    .         Reflect  .   (no cloak)
rCorr    .         Harm     .   (no gloves)
MR       .....                  (no boots)
Stlth    ++........             (no amulet)
Regen    0.1/turn               (no ring)
MPRegen  0.2/turn               (no ring)

@: drained
A: carnivore 3
a: no special abilities


You were on level 3 of the Dungeon.
You were very full.

You visited 1 branch of the dungeon, and saw 3 of its levels.

You collected 68 gold pieces.

Inventory:

Hand Weapons
 d - a +0 dagger
 m - a -2 rapier (weapon)
Armour
 a - a +0 robe (worn)
 e - +0 ice dragon scales
Scrolls
 f - a scroll of magic mapping {unknown}
 g - a scroll of random uselessness {unknown}
 i - a scroll of recharging {unknown}
 l - 5 scrolls of identify {unknown}
Books
 b - a book of Air

   Spells                             Type                      Level
   a - Shock                          Conjuration/Air              1
   b - Swiftness                      Charms/Air                   2
   c - Static Discharge               Conjuration/Air              3
   d - Airstrike                      Air                          4
   e - Lightning Bolt                 Conjuration/Air              5
Comestibles
 c - a meat ration
 h - 7 chunks of flesh


   Skills:
 - Level 2.4(1.7) Dodging
 - Level 2.6(1.9) Stealth
 - Level 2.1(1.4) Spellcasting
 - Level 1.0(0.3) Conjurations
 + Level 6.3(5.5) Air Magic


You had 5 spell levels left.
You knew the following spells:

 Your Spells              Type           Power        Failure   Level  Hunger
a - Shock                 Conj/Air       ##..         6%          1    ##.....
b - Static Discharge      Conj/Air       ##......     17%         3    ####...


Dungeon Overview and Level Annotations

Branches:
Dungeon (3/15)

Altars:
Sif Muna

Annotations:
D:2 Sigmund


Innate Abilities, Weirdness & Mutations

You are small and have problems with some larger weapons.
You are carnivorous and can eat meat at any time.


Message History

The worker ant bites you!
* * * LOW HITPOINT WARNING * * *
The worker ant barely misses you. The worker ant barely misses you.
The worker ant closely misses you.
A bat comes into view.
The worker ant closely misses you.
You can't unwield your weapon to draw a new one!
Unknown command.
You aren't carrying any potions.
Unknown command.
As you read the scroll labeled AGOEJEOCAQ, it crumbles to dust.
You feel as if something is helping you.
It was a scroll of remove curse.
The worker ant bites you.
* * * LOW HITPOINT WARNING * * *
You aren't carrying any potions.
As you read the scroll labeled GYOFUC DASS, it crumbles to dust.
The scroll dissolves into smoke.
It was a scroll of fog.
The worker ant bites you.
You die...

#..
..###....b..#.#
....... #. ####
#..###..#.#
.....#. #..#
#..#.# o...#.
#..#w## #.....#
##.#..# #§#..#
#§#..# #@#..#
#§a§#.#
##§###.# .##
#.. ## ###


You could see a worker ant.

Vanquished Creatures
  An orc wizard (D:3)
  An orc priest (D:3)
  Terence (D:3)
  3 adders
  3 gnolls (D:3)
  A worm (D:2)
  2 leopard geckos
  6 orcs (D:3)
  4 giant cockroaches
  5 hobgoblins
  A quokka (D:3)
  6 bats
  2 frilled lizards
  5 goblins
  13 kobolds
  11 rats
65 creatures vanquished.

Notes
Turn   | Place    | Note
-------+----------+-------------------------------------------
     0 | D:1      | Jannitor the Kobold Air Elementalist began the quest for the Orb.
     0 | D:1      | Reached XP level 1. HP: 10/10 MP: 3/3
   370 | D:1      | Reached XP level 2. HP: 15/15 MP: 1/5
  1203 | D:2      | Reached skill level 4 in Air Magic
  1203 | D:2      | Reached XP level 3. HP: 19/19 MP: 0/6
  1562 | D:2      | Noticed Sigmund
  1673 | D:2      | Learned a level 3 spell: Static Discharge
  1792 | D:2      | Reached XP level 4. HP: 4/24 MP: 0/7
  2089 | D:2      | Found a deep blue altar of Sif Muna.
  2707 | D:3      | Reached skill level 5 in Air Magic
  2730 | D:3      | Reached XP level 5. HP: 19/28 MP: 1/8
  3118 | D:3      | Noticed Terence
  3136 | D:3      | Killed Terence
  3434 | D:3      | Reached skill level 6 in Air Magic
  3553 | D:3      | Reached XP level 6. HP: 32/32 MP: 5/9
  3639 | D:3      | Slain by a worker ant

Skill      XL: |  1  2  3  4  5 |
---------------+----------------+-----
Air Magic      | 4 5 6 |  6.3
Dodging        | |  2.4
Stealth        | |  2.6
Spellcasting   | |  2.1
Conjurations   | |  1.0

Action                   |  1- 3 |  4- 6 || total
-------------------------+-------+-------++-------
Melee: Dagger            |     6 |       ||     6
       Rapier            |     4 |    18 ||    22
 Cast: Shock             |    60 |    75 ||   135
  Use: Potion            |     1 |     2 ||     3
       Scroll            |       |     2 ||     2
  Eat: Chunk             |     9 |     9 ||    18
Armor: Robe              |     2 |     3 ||     5
Dodge: Dodged            |    26 |    54 ||    80
